[Event "Titled Tuesday Blitz July 4 Early 2023"]
[White "Rakhimzhan_Alen"]
[Black "Glavina, Pablo"]
[BlackFideId "100234"]
[WhiteElo "2723"]
[BlackElo "2386"]
[Result "0-1"]
[Round "5"]
[TimeControl "180+2"]
[Date "2023.07.04"]
[WhiteClock "0:00:01"]
[BlackClock "0:00:04"]
[Board "57"]

1. d4 Nf6 2. c4 e6 3. Nf3 d5 4. Nc3 dxc4 5. e3 a6 6. Bxc4 b5 7. Bd3 Bb7 8. O-O c5 9. dxc5 Bxc5 10. Qe2 Nbd7 11. e4 Qb6 12. a4 b4 13. a5 Qc7 14. Na4 Bd6 15. Be3 O-O 16. Rfc1 Qb8 17. Bd4 Ne5 18. Nb6 Nxd3 19. Qxd3 Bxe4 20. Qe2 Bxf3 21. Qxf3 Ra7 22. Bxf6 gxf6 23. Qxf6 Bxh2+ 24. Kh1 Be5 25. Qg5+ Bg7 26. Rc4 Qe5 27. Qxe5 Bxe5 28. Rxb4 Rc7 29. Rd1 Rb8 30. b3 h5 31. f4 Bf6 32. Kg1 Be7 33. Re4 Bc5+ 34. Kf1 Bxb6 35. axb6 Rxb6 36. Rd3 Rc1+ 37. Ke2 Rb1 38. Red4 R1xb3 39. Rd8+ Kg7 40. R3d7 Rb2+ 41. Kf1 Rb1+ 42. Kf2 R6b2+ 43. Kf3 Rf1+ 44. Ke3 Rxg2 45. Ra8 Rg3+ 46. Ke4 Rg4 47. Ke3 Rfxf4 0-1


[Site "https://www.chess.com"]

[Event "Titled Tuesday Blitz July 4 Early 2023"]
[White "Panesar Vedant"]
[Black "Prieto Aranguren, Alain"]
[WhiteFideId "35033018"]
[BlackFideId "2268906"]
[WhiteElo "2714"]
[BlackElo "2351"]
[Result "1-0"]
[Round "5"]
[TimeControl "180+2"]
[Date "2023.07.04"]
[WhiteClock "0:01:53"]
[BlackClock "0:02:05"]
[Board "58"]

1. e4 c6 2. Nf3 d5 3. d3 g6 4. e5 Bg7 5. d4 c5 6. c3 Nc6 7. Bb5 cxd4 8. cxd4 Bg4 9. Bxc6+ bxc6 10. Nbd2 e6 11. O-O Ne7 12. h3 Bxf3 13. Qxf3 O-O 14. Nb3 Qb6 15. Bg5 Nf5 16. Qc3 Rfc8 17. g4 Nh6 18. Qd2 c5 19. dxc5 Qc7 20. Bxh6 Bxe5 21. Rfe1 f6 22. f4 1-0


[Site "https://www.chess.com"]

[Event "Titled Tuesday Blitz July 4 Early 2023"]
[White "Rodriguez Santiago, Jaime"]
[Black "Klekowski, Maciej"]
[WhiteFideId "3100898"]
[BlackFideId "1132717"]
[WhiteElo "2333"]
[BlackElo "2712"]
[Result "0-1"]
[Round "5"]
[TimeControl "180+2"]
[Date "2023.07.04"]
[WhiteClock "0:00:08"]
[BlackClock "0:01:10"]
[Board "59"]

1. c4 e5 2. Nc3 Nc6 3. g3 f5 4. Bg2 Nf6 5. e3 Be7 6. Nge2 O-O 7. O-O Qe8 8. f4 d6 9. d4 e4 10. a3 Qf7 11. b3 d5 12. cxd5 Nxd5 13. Nxd5 Qxd5 14. Nc3 Qf7 15. Rf2 Bf6 16. Bf1 Kh8 17. Bb2 Rd8 18. Qc2 Be6 19. b4 Ne7 20. Rc1 c6 21. h3 Rac8 22. Rg2 h5 23. Na4 Bb3 24. Qf2 Bxa4 25. g4 fxg4 26. hxg4 hxg4 27. Bc4 Nd5 28. Rh2+ Kg8 29. Kg2 Bb5 30. Ba2 Qg6 31. Rch1 g3 32. Qxg3 Qxg3+ 33. Kxg3 Kf7 34. Rh5 Be2 35. R5h2 Bd3 36. Re1 b5 37. Bc1 Rh8 0-1


[Site "https://www.chess.com"]

[Event "Titled Tuesday Blitz July 4 Early 2023"]
[White "Slovineanu, Viacheslav"]
[Black "Suyarov, Mukhammadzokhid"]
[WhiteFideId "13900510"]
[BlackFideId "14210495"]
[WhiteElo "2322"]
[BlackElo "2710"]
[Result "0-1"]
[Round "5"]
[TimeControl "180+2"]
[Date "2023.07.04"]
[WhiteClock "0:00:29"]
[BlackClock "0:01:49"]
[Board "60"]

1. d4 Nf6 2. Nf3 e6 3. c4 b6 4. e3 Bb7 5. Bd3 Bb4+ 6. Nbd2 O-O 7. O-O d6 8. a3 Bxd2 9. Nxd2 e5 10. b4 Re8 11. Bb2 Nbd7 12. Qc2 exd4 13. exd4 Nh5 14. Rfe1 Qg5 15. Bf1 Bxg2 16. h4 Qg4 17. Kh2 Nf4 18. Qc3 Qxh4+ 0-1


[Site "https://www.chess.com"]

[Event "Titled Tuesday Blitz July 4 Early 2023"]
[White "Ganiev, Roman"]
[Black "Shimanov, Aleksandr"]
[WhiteFideId "4131452"]
[BlackFideId "4198603"]
[WhiteElo "2614"]
[BlackElo "2912"]
[Result "0-1"]
[Round "5"]
[TimeControl "180+2"]
[Date "2023.07.04"]
[WhiteClock "0:00:00"]
[BlackClock "0:00:17"]
[Board "61"]

1. e4 d5 2. exd5 c6 3. dxc6 Nxc6 4. Nc3 e5 5. Bb5 Bc5 6. Nf3 f6 7. O-O Ne7 8. Qe2 a6 9. Bxc6+ Nxc6 10. d3 Bg4 11. Be3 Be7 12. h3 Bh5 13. Ne4 O-O 14. Ng3 Bf7 15. Nf5 Re8 16. d4 Bf8 17. dxe5 Nxe5 18. Nxe5 Rxe5 19. Rfd1 Qc7 20. Nd4 Qe7 21. Qf3 Bg6 22. Bf4 Re4 23. c3 Re8 24. Qg3 Qc5 25. Nf3 Re2 26. Rd2 Rxd2 27. Bxd2 Qb5 28. b3 Qd3 29. Be3 Qxc3 30. Rc1 Qb2 31. Rc7 Qxa2 32. Rxb7 Qb1+ 33. Kh2 Qd3 34. Nh4 Bf7 35. Bf4 Qd5 36. Rc7 g5 37. Nf3 h6 38. h4 Bg6 39. hxg5 hxg5 40. Bxg5 fxg5 0-1


[Site "https://www.chess.com"]

[Event "Titled Tuesday Blitz July 4 Early 2023"]
[White "Sargsyan, Anna M."]
[Black "Demchenko, Anton"]
[WhiteFideId "13308130"]
[BlackFideId "4160258"]
[WhiteElo "2598"]
[BlackElo "2875"]
[Result "0-1"]
[Round "5"]
[TimeControl "180+2"]
[Date "2023.07.04"]
[WhiteClock "0:00:55"]
[BlackClock "0:00:42"]
[Board "62"]

1. d4 Nf6 2. c4 d6 3. Nf3 Nc6 4. Nc3 e5 5. dxe5 dxe5 6. Qxd8+ Kxd8 7. Bg5 Be6 8. O-O-O+ Kc8 9. e3 Nd7 10. Be2 f6 11. Bh4 a5 12. Nd5 Nc5 13. Nd2 Nb4 14. Nb3 Nxa2+ 15. Kb1 Nb4 16. Nxc5 Bxc5 17. f4 Bf5+ 18. Ka1 c6 19. Nc3 Nc2+ 20. Ka2 Nxe3 21. Rc1 exf4 22. Na4 Bd4 23. c5 Kc7 24. Bf2 Rad8 25. g3 Nc2 26. Rhf1 Bxf2 27. Rxf2 Rd2 28. Rxf4 Nb4+ 29. Ka3 Bg6 30. Bc4 Re8 31. h4 Re3+ 32. Nc3 Rxg3 33. Re1 Nc2+ 0-1


[Site "https://www.chess.com"]

[Event "Titled Tuesday Blitz July 4 Early 2023"]
[White "Asavasaetakul, Chawit"]
[Black "Ter-Sahakyan, Samvel"]
[WhiteFideId "6204856"]
[BlackFideId "13302531"]
[WhiteElo "2581"]
[BlackElo "2864"]
[Result "0-1"]
[Round "5"]
[TimeControl "180+2"]
[Date "2023.07.04"]
[WhiteClock "0:00:24"]
[BlackClock "0:01:00"]
[Board "63"]

1. e4 c5 2. c3 d5 3. exd5 Qxd5 4. d4 Nf6 5. Nf3 e6 6. Bd3 Nc6 7. O-O Be7 8. Qe2 O-O 9. Rd1 cxd4 10. cxd4 Rd8 11. Nc3 Qh5 12. Bf4 Bd7 13. Rac1 Rac8 14. Bb1 Nb4 15. Qd2 Nbd5 16. Bg3 Bc6 17. Ne5 Nxc3 18. bxc3 Be4 19. c4 b6 20. Qe3 Qf5 21. f3 Bxb1 22. Rxb1 Nd7 23. Kh1 Nxe5 24. dxe5 h5 25. Rxd8+ Rxd8 26. Rc1 Bg5 27. f4 Be7 28. h3 Rd3 29. Qe1 Bc5 30. Kh2 h4 31. Bxh4 Qxf4+ 32. Bg3 Rxg3 0-1


[Site "https://www.chess.com"]

[Event "Titled Tuesday Blitz July 4 Early 2023"]
[White "Kim, Sergey"]
[Black "Talibov, Shiroghlan"]
[WhiteFideId "13700570"]
[BlackFideId "13429078"]
[WhiteElo "2574"]
[BlackElo "2796"]
[Result "0-1"]
[Round "5"]
[TimeControl "180+2"]
[Date "2023.07.04"]
[WhiteClock "0:00:05"]
[BlackClock "0:00:05"]
[Board "64"]

1. d4 Nf6 2. c4 b6 3. Nc3 Bb7 4. Nf3 e6 5. a3 d5 6. cxd5 Nxd5 7. e3 Nd7 8. Bd3 c5 9. O-O cxd4 10. exd4 Be7 11. Re1 O-O 12. Ne4 Rc8 13. Qe2 N7f6 14. Ne5 Nxe4 15. Qxe4 g6 16. Bh6 Bf6 17. Bxf8 Kxf8 18. Qf3 Kg7 19. Be4 Rc7 20. Rac1 h5 21. Qg3 Rxc1 22. Rxc1 Bg5 23. Rd1 Nf4 24. Qf3 Ba6 25. Bd3 Bxd3 26. Nxd3 Nd5 27. g3 h4 28. Ne5 Qc7 29. Qe2 h3 30. Qc4 Qd8 31. Qe2 Qc8 32. Qc4 Qd8 33. Qe2 Bf6 34. Qg4 Bxe5 35. dxe5 Qc7 36. Qxh3 Qc2 37. Qf1 Qxb2 38. Qe1 Qxa3 39. Qe4 Qb3 40. Rd3 Qb1+ 41. Kg2 a5 42. Qf3 Qb5 43. h4 a4 44. h5 gxh5 45. Rd4 Qc6 46. Kh2 Kf8 47. Qxh5 Qc5 48. Qh8+ Ke7 49. Qh4+ Kd7 50. Kg2 a3 51. Ra4 b5 52. Ra8 Nc7 53. Qd8+ Kc6 54. Rc8 Qd5+ 55. Kh2 Qxd8 56. Rxd8 b4 57. Rd1 a2 58. Rc1+ Kb7 59. Rd1 b3 60. g4 b2 61. g5 b1=Q 62. g6 Qxd1 63. gxf7 Qh5+ 0-1


[Site "https://www.chess.com"]

[Event "Titled Tuesday Blitz July 4 Early 2023"]
[White "Ambartsumova, Karina"]
[Black "Mekhitarian, Krikor Sevag"]
[WhiteFideId "4166299"]
[BlackFideId "2107660"]
[WhiteElo "2572"]
[BlackElo "2782"]
[Result "0-1"]
[Round "5"]
[TimeControl "180+2"]
[Date "2023.07.04"]
[WhiteClock "0:00:00"]
[BlackClock "0:00:38"]
[Board "65"]

1. Nf3 d5 2. e3 Nc6 3. c4 d4 4. exd4 Nxd4 5. Nxd4 Qxd4 6. Nc3 c6 7. d3 g6 8. Be3 Qd8 9. d4 Nh6 10. Bd3 Nf5 11. Bxf5 Bxf5 12. O-O Bg7 13. Qd2 O-O 14. Rad1 Qd7 15. h3 b5 16. b3 Rfd8 17. Rfe1 bxc4 18. bxc4 Be6 19. d5 Bxc3 20. Qxc3 cxd5 21. cxd5 Bxd5 22. Bh6 f6 23. Qe3 e6 24. Qf4 Qf7 25. a3 g5 26. Bxg5 fxg5 27. Qg3 Qf4 28. Qc3 Rac8 29. Qa5 Rf8 30. Qxa7 Rc2 0-1


[Site "https://www.chess.com"]

[Event "Titled Tuesday Blitz July 4 Early 2023"]
[White "Perez Candelario, Manuel"]
[Black "Dvirnyy, Danyyil"]
[WhiteFideId "2210622"]
[BlackFideId "817570"]
[WhiteElo "2570"]
[BlackElo "2761"]
[Result "1-0"]
[Round "5"]
[TimeControl "180+2"]
[Date "2023.07.04"]
[WhiteClock "0:00:49"]
[BlackClock "0:00:06"]
[Board "66"]

1. e4 d6 2. d4 Nf6 3. Nc3 e5 4. Nf3 Nbd7 5. Bc4 Be7 6. O-O O-O 7. a4 c6 8. Ba2 h6 9. h3 Re8 10. Re1 Bf8 11. Be3 Qc7 12. Nh4 exd4 13. Bxd4 Qd8 14. Ng6 Ne5 15. Nxf8 Rxf8 16. Qd2 Be6 17. Bxe6 fxe6 18. b3 Ng6 19. Rad1 d5 20. Qe3 Kh7 21. Bxa7 Nh5 22. Bc5 Rf7 23. exd5 exd5 24. Ne2 Qh4 25. Rd4 Nhf4 26. Nxf4 Rxf4 27. g3 Rxd4 28. gxh4 Re4 29. Qd2 1-0


[Site "https://www.chess.com"]

[Event "Titled Tuesday Blitz July 4 Early 2023"]
[White "Gorovets, Andrey"]
[Black "Mortazavi, Ali"]
[WhiteFideId "13504037"]
[BlackFideId "401323"]
[WhiteElo "2755"]
[BlackElo "2557"]
[Result "1-0"]
[Round "5"]
[TimeControl "180+2"]
[Date "2023.07.04"]
[WhiteClock "0:00:57"]
[BlackClock "0:00:00"]
[Board "67"]

1. Nf3 Nf6 2. c4 g6 3. g3 Bg7 4. d4 O-O 5. Bg2 d6 6. Nc3 Nbd7 7. O-O e5 8. e4 c6 9. h3 Qa5 10. Re1 exd4 11. Nxd4 Ne5 12. Bf1 Qb6 13. Nb3 Be6 14. Be3 c5 15. Nd5 Bxd5 16. exd5 Rfe8 17. Kg2 a6 18. Qc2 Re7 19. f4 Ned7 20. Bf2 Rae8 21. Rxe7 Rxe7 22. Re1 Qd8 23. Nd2 Qe8 24. Rxe7 Qxe7 25. a3 Nh5 26. b4 Bd4 27. Qe4 Qf6 28. Bxd4 cxd4 29. Bd3 a5 30. Nf3 axb4 31. axb4 Qd8 32. Qxd4 Qa8 33. Qb2 Qa7 34. Nd4 Qb6 35. Be2 Nhf6 36. Bf3 Nc5 37. Nb5 Nce4 38. Qd4 Qa6 39. Bxe4 Qa2+ 40. Kf3 Nd7 41. Nxd6 Qb3+ 42. Kg2 Qxb4 43. Ne8 Kf8 44. Nf6 Nxf6 45. Qxf6 Qd2+ 46. Kf3 Qd1+ 47. Ke3 1-0


[Site "https://www.chess.com"]

[Event "Titled Tuesday Blitz July 4 Early 2023"]
[White "Golubev, Mikhail"]
[Black "Papasimakopoulos, Alexandros"]
[WhiteFideId "14100983"]
[BlackFideId "4244125"]
[WhiteElo "2555"]
[BlackElo "2696"]
[Result "1/2-1/2"]
[Round "5"]
[TimeControl "180+2"]
[Date "2023.07.04"]
[WhiteClock "0:00:04"]
[BlackClock "0:00:14"]
[Board "68"]

1. e4 e6 2. d4 d5 3. Bd3 Nf6 4. e5 Nfd7 5. Nf3 b6 6. Qe2 c5 7. c4 Bb7 8. cxd5 Bxd5 9. Nc3 Bb7 10. d5 exd5 11. O-O Be7 12. e6 fxe6 13. Qxe6 Nf8 14. Qh3 d4 15. Ne4 Nc6 16. Re1 Qd7 17. Qh5+ g6 18. Nf6+ Kd8 19. Nxd7 gxh5 20. Nde5 Nxe5 21. Nxe5 Rg8 22. Bc4 Rxg2+ 23. Kf1 Rxh2 24. Nf7+ Kd7 25. Bb5+ Bc6 26. Ne5+ Kc7 27. Nxc6 Bd6 28. Ke2 Nd7 29. Bg5 Re8+ 30. Kd3 Rxe1 31. Rxe1 Rxf2 32. Re8 Rf3+ 33. Ke2 Rg3 34. Bd8+ Kb7 35. Bh4 Rg4 36. Nd8+ Kc7 37. Ne6+ Kb7 38. Nd8+ Kc7 39. Ne6+ Kb7 40. Nd8+ 1/2-1/2


[Site "https://www.chess.com"]

[Event "Titled Tuesday Blitz July 4 Early 2023"]
[White "Williams, Simon K"]
[Black "Parpiev, Isaak"]
[WhiteFideId "404454"]
[BlackFideId "34281576"]
[WhiteElo "2693"]
[BlackElo "2550"]
[Result "0-1"]
[Round "5"]
[TimeControl "180+2"]
[Date "2023.07.04"]
[WhiteClock "0:00:00"]
[BlackClock "0:00:04"]
[Board "69"]

1. f4 Nf6 2. Nf3 d6 3. Nc3 g6 4. e4 Bg7 5. Be2 O-O 6. O-O c5 7. d3 Nc6 8. Qe1 Rb8 9. Qh4 Nd4 10. Bd1 b5 11. f5 Nxf3+ 12. Rxf3 b4 13. Ne2 a5 14. Bh6 Bh8 15. g4 Bb7 16. Rh3 Re8 17. Ng3 Nd7 18. Bg5 Nf8 19. Bh6 Bg7 20. Bxg7 Kxg7 21. Qh6+ Kg8 22. Nh5 gxh5 23. gxh5 Kh8 24. Rg3 Ne6 25. fxe6 Rg8 26. exf7 Rxg3+ 27. hxg3 Qf8 28. Qf4 Qg7 29. Bg4 Rf8 30. Rf1 Qxb2 31. Be6 Qg7 32. Kh2 h6 33. g4 a4 34. Qf5 Bc6 35. Rf2 a3 36. Rg2 Qg5 37. Qxg5 hxg5 38. Rf2 Kg7 39. Kg3 Ba4 40. Bb3 Bxb3 41. cxb3 Rxf7 42. Rf5 Rxf5 43. exf5 Kf6 44. Kf3 d5 45. Ke3 e5 46. Kd2 Kf7 47. h6 Kf6 48. Ke3 Kf7 49. Kd2 Kf6 50. Kc2 e4 51. dxe4 dxe4 52. Kd2 c4 53. bxc4 b3 54. h7 Kg7 0-1


[Site "https://www.chess.com"]

[Event "Titled Tuesday Blitz July 4 Early 2023"]
[White "Richter, Paul"]
[Black "Amburgy, Ryan"]
[WhiteFideId "2046350"]
[BlackFideId "30924820"]
[WhiteElo "2541"]
[BlackElo "2685"]
[Result "1-0"]
[Round "5"]
[TimeControl "180+2"]
[Date "2023.07.04"]
[WhiteClock "0:00:05"]
[BlackClock "0:00:09"]
[Board "70"]

1. e4 e5 2. Nf3 Nc6 3. Bb5 a6 4. Ba4 Nf6 5. d3 b5 6. Bb3 Be7 7. O-O Bb7 8. Nbd2 d6 9. c3 O-O 10. Re1 Na5 11. Bc2 c5 12. Nf1 Ne8 13. Ng3 g6 14. d4 Qc7 15. dxe5 dxe5 16. Qe2 Ng7 17. a4 c4 18. axb5 axb5 19. Be3 Ne6 20. Red1 Bc5 21. Nf1 Nf4 22. Qe1 Bxe3 23. Nxe3 Rfd8 24. Nd5 Nxd5 25. exd5 Rxd5 26. Rxd5 Bxd5 27. Qxe5 Qxe5 28. Nxe5 Re8 29. Ng4 Re2 30. h3 Rxc2 31. Rxa5 Bc6 32. Ra6 h5 33. Nf6+ Kg7 34. Rxc6 Rxb2 35. Nd5 Rd2 36. Ne3 Rd3 37. Rb6 Rxc3 38. Rxb5 Rc1+ 39. Kh2 c3 40. Rc5 f5 41. Nd5 Rf1 42. f3 g5 43. Nxc3 Kg6 44. Ne2 Re1 45. Rc6+ Kf7 46. Nd4 f4 47. Nf5 Re5 48. Nd4 Rd5 49. Nc2 Rd3 50. Nb4 Rb3 51. Nd5 g4 52. hxg4 hxg4 53. fxg4 Rg3 54. Nxf4 Rxg4 55. Nh3 Ra4 56. Rc3 Kg6 57. Rf3 Kh5 58. Kg3 Rg4+ 59. Kh2 Ra4 60. Nf4+ Kg4 61. Ne2 Ra2 62. Ng1 Ra1 63. Nh3 Ra6 64. Nf2+ Kg5 65. Kg3 Ra2 66. Ne4+ Kg6 67. Rd3 Ra4 68. Kf3 Ra5 69. g4 Ra1 70. Rd6+ Kf7 71. Kf4 Ke7 72. Ke5 Re1 73. Ra6 Kf7 74. g5 Rf1 75. Ng3 Re1+ 76. Kf5 Rb1 77. Ra7+ Kg8 78. Ne4 Rh1 79. Kg6 1-0


[Site "https://www.chess.com"]

[Event "Titled Tuesday Blitz July 4 Early 2023"]
[White "Bilan, Danila"]
[Black "Timerkhanov, Alexander"]
[WhiteFideId "24161918"]
[BlackFideId "24177938"]
[WhiteElo "2539"]
[BlackElo "2675"]
[Result "0-1"]
[Round "5"]
[TimeControl "180+2"]
[Date "2023.07.04"]
[WhiteClock "0:00:43"]
[BlackClock "0:02:02"]
[Board "71"]

1. d4 d5 2. Nf3 Nf6 3. c4 e6 4. Nc3 h6 5. cxd5 exd5 6. Bf4 Bd6 7. Bg3 c6 8. e3 O-O 9. Bd3 Bg4 10. Qc2 Bxg3 11. hxg3 Nbd7 12. O-O Qe7 13. Rab1 a5 14. Bf5 Bxf5 15. Qxf5 g6 16. Qf4 Kg7 17. Qc7 Qb4 18. Ne1 Rac8 19. Qf4 Qe7 20. Nd3 Ne4 21. Nxe4 dxe4 22. Ne5 Rce8 23. Nxd7 Qxd7 24. Rfc1 g5 25. Qe5+ Rxe5 26. dxe5 Qd5 0-1


[Site "https://www.chess.com"]

[Event "Titled Tuesday Blitz July 4 Early 2023"]
[White "Rottenwohrer Suarez, Juan"]
[Black "Radzhabov, Rodion"]
[WhiteFideId "32068182"]
[BlackFideId "884715"]
[WhiteElo "2512"]
[BlackElo "2668"]
[Result "1-0"]
[Round "5"]
[TimeControl "180+2"]
[Date "2023.07.04"]
[WhiteClock "0:00:04"]
[BlackClock "0:00:00"]
[Board "72"]

1. c4 Nf6 2. g3 e6 3. Bg2 d5 4. Nf3 Be7 5. O-O O-O 6. b3 c5 7. cxd5 Nxd5 8. Bb2 Nc6 9. Nc3 Bf6 10. Qc2 b6 11. Nxd5 exd5 12. Bxf6 Qxf6 13. d4 cxd4 14. Rfd1 Ba6 15. Qd2 d3 16. exd3 d4 17. Ng5 Rac8 18. Ne4 Qe5 19. Re1 Qa5 20. Rad1 Qxd2 21. Rxd2 Nb4 22. Bf1 Rfe8 23. Red1 Rc6 24. h4 f5 25. Ng5 h6 26. Nf3 Rd8 27. Bh3 g6 28. h5 g5 29. Bxf5 Rf6 30. Be4 Nd5 31. Nxd4 Nc3 32. Rc1 Nxe4 33. dxe4 Rfd6 34. Rcd1 Kf7 35. Nf3 Rxd2 36. Rxd2 Rc8 37. Ne5+ Ke6 38. Nc4 1-0


[Site "https://www.chess.com"]

[Event "Titled Tuesday Blitz July 4 Early 2023"]
[White "Demin, Vladimir"]
[Black "Matamoros Franco, Carlos S."]
[WhiteFideId "4167457"]
[BlackFideId "3600017"]
[WhiteElo "2533"]
[BlackElo "2666"]
[Result "1/2-1/2"]
[Round "5"]
[TimeControl "180+2"]
[Date "2023.07.04"]
[WhiteClock "0:00:20"]
[BlackClock "0:00:10"]
[Board "73"]

1. d4 Nf6 2. Nc3 d5 3. Bf4 a6 4. e3 e6 5. g4 c5 6. g5 Nfd7 7. Nf3 Nc6 8. h4 cxd4 9. exd4 Bb4 10. Bh3 O-O 11. Kf1 b5 12. Ne2 Re8 13. c3 Bf8 14. Kg2 Bb7 15. Ng3 e5 16. Be3 exd4 17. cxd4 Nb6 18. b3 Nc8 19. h5 Nd6 20. Nf5 Ne4 21. Rc1 g6 22. hxg6 hxg6 23. Ng3 Bg7 24. Bg4 Nxg3 25. Kxg3 Re4 26. Rh4 Qd6+ 27. Kg2 Rae8 28. Qh1 Rxe3 29. fxe3 Rxe3 30. Rh7 Qf4 31. Qh4 Rxf3 32. Rh1 Qd2+ 33. Kxf3 Nxd4+ 34. Kg3 Be5+ 35. Kh3 Qe3+ 36. Kg2 Qd2+ 37. Kf1 Qc1+ 38. Kg2 Qd2+ 39. Kf1 Qc1+ 40. Kg2 Qd2+ 1/2-1/2


[Site "https://www.chess.com"]

[Event "Titled Tuesday Blitz July 4 Early 2023"]
[White "Postlmayer, Jakob"]
[Black "Kamalidenova, Meruert"]
[WhiteFideId "1643622"]
[BlackFideId "13712802"]
[WhiteElo "2505"]
[BlackElo "2646"]
[Result "0-1"]
[Round "5"]
[TimeControl "180+2"]
[Date "2023.07.04"]
[WhiteClock "0:00:00"]
[BlackClock "0:00:51"]
[Board "75"]

1. e4 e5 2. Nf3 Nc6 3. Bb5 a6 4. Ba4 Nf6 5. O-O Nxe4 6. d4 b5 7. Bb3 d5 8. dxe5 Be6 9. c3 Bc5 10. Nbd2 O-O 11. Bc2 Nxf2 12. Rxf2 Bxf2+ 13. Kxf2 f6 14. Kg1 fxe5 15. Nf1 Qd7 16. Ng5 Bf5 17. Bb3 Rad8 18. Be3 h6 19. Nf3 Kh8 20. Qd2 Bg4 21. Nh4 Rf6 22. h3 Be6 23. Kh2 d4 24. cxd4 exd4 25. Bf2 Rdf8 26. Bxe6 Qxe6 27. Nf3 Ne5 28. Nxe5 Rxf2 29. Qxd4 Rxf1 30. Rxf1 Rxf1 31. Qd8+ Kh7 32. Qxc7 Qf5 33. Nf3 Rf2 34. Kg1 Rxb2 35. a3 Ra2 36. Qc3 Qc2 37. Qxc2+ Rxc2 38. Nd4 Ra2 0-1


[Site "https://www.chess.com"]

[Event "Titled Tuesday Blitz July 4 Early 2023"]
[White "chess123456s"]
[Black "Philippe, Guillaume"]
[BlackFideId "36048763"]
[WhiteElo "2638"]
[BlackElo "2420"]
[Result "0-1"]
[Round "5"]
[TimeControl "180+2"]
[Date "2023.07.04"]
[WhiteClock "0:00:00"]
[BlackClock "0:00:07"]
[Board "76"]

1. Nf3 Nf6 2. c4 e6 3. g3 d5 4. Bg2 Be7 5. O-O O-O 6. b3 c5 7. cxd5 Nxd5 8. Nc3 Nc6 9. Nxd5 Qxd5 10. Bb2 Qh5 11. Rc1 e5 12. d3 Bh3 13. Bxh3 Qxh3 14. Nxe5 Nxe5 15. Bxe5 Rad8 16. e4 Rd7 17. Qf3 Rfd8 18. Rfd1 Qe6 19. Bb2 b6 20. Qe2 Bf6 21. Bxf6 Qxf6 22. f4 Rd4 23. Qe3 Qd6 24. Rc3 h5 25. Kg2 Re8 26. Re1 Rd8 27. e5 Qg6 28. Rd1 h4 29. Kf2 h3 30. Qf3 Qf5 31. a3 a5 32. Ke3 Qd7 33. Kd2 a4 34. Kc2 axb3+ 35. Kxb3 Qa4+ 36. Ka2 c4 37. e6 fxe6 38. Qg4 R8d6 39. Re1 Rxd3 40. Rxd3 cxd3 41. Qd1 Qc4+ 42. Kb2 Qd4+ 43. Ka2 Rd5 44. Qd2 Rc5 45. Rc1 Rxc1 46. Qxc1 Qf2+ 47. Kb3 d2 48. Qc8+ Kh7 49. Qc2+ Kh6 50. Kc3 Qe3+ 51. Kb2 Qd4+ 52. Ka2 d1=Q 0-1


[Site "https://www.chess.com"]

[Event "Titled Tuesday Blitz July 4 Early 2023"]
[White "MAHanif"]
[Black "Komov, Roman"]
[BlackFideId "24175714"]
[WhiteElo "2364"]
[BlackElo "2624"]
[Result "0-1"]
[Round "5"]
[TimeControl "180+2"]
[Date "2023.07.04"]
[WhiteClock "0:00:02"]
[BlackClock "0:00:22"]
[Board "77"]

1. Nf3 d5 2. d4 Nf6 3. g3 e6 4. Bg2 b5 5. O-O Be7 6. b3 O-O 7. Bb2 a5 8. Nbd2 Nbd7 9. c4 bxc4 10. bxc4 c6 11. a4 Ba6 12. Qc2 Bb4 13. Ba3 Rb8 14. Rfb1 Qe7 15. Bxb4 Rxb4 16. Rxb4 Qxb4 17. Rb1 Qa3 18. Bf1 Rc8 19. e3 c5 20. cxd5 cxd4 21. Qb3 Qxb3 22. Nxb3 Bxf1 23. dxe6 fxe6 24. Kxf1 dxe3 25. fxe3 Nd5 26. Nxa5 Nxe3+ 27. Ke2 Nd5 28. Kd2 Nc5 29. Rb5 Nxa4 30. Nd4 Nac3 31. Rb7 Ne4+ 32. Kd3 Nc5+ 33. Ke2 Nxb7 34. Nxb7 Rb8 35. Nc5 e5 36. Nc6 Rc8 0-1


[Site "https://www.chess.com"]

[Event "Titled Tuesday Blitz July 4 Early 2023"]
[White "Ozdemir, Serhan Berat"]
[Black "Andreassen, Lars"]
[WhiteFideId "6374611"]
[BlackFideId "1504878"]
[WhiteElo "2624"]
[BlackElo "2253"]
[Result "1-0"]
[Round "5"]
[TimeControl "180+2"]
[Date "2023.07.04"]
[WhiteClock "0:00:05"]
[BlackClock "0:00:00"]
[Board "78"]

1. e4 d6 2. d4 Nf6 3. Nc3 e5 4. Nge2 Be7 5. h3 O-O 6. g4 exd4 7. Nxd4 c5 8. Nde2 Nc6 9. Bg2 h6 10. Be3 a6 11. a4 Ne5 12. b3 Rb8 13. Qd2 b5 14. axb5 axb5 15. f4 Nexg4 16. hxg4 Nxg4 17. Nd5 Bh4+ 18. Kf1 f5 19. Kg1 fxe4 20. Bxe4 Re8 21. Qd3 Bb7 22. c4 bxc4 23. bxc4 Ra8 24. Rxa8 Bxa8 25. Nec3 Kh8 26. Kg2 h5 27. Bd2 Nf2 28. Qf3 Nxe4 29. Qxh5+ Kg8 30. Nxe4 Rxe4 31. Rxh4 Re2+ 32. Kf3 Rxd2 33. Qh8+ Kf7 34. Qxd8 1-0


[Site "https://www.chess.com"]

[Event "Titled Tuesday Blitz July 4 Early 2023"]
[White "Kramnik, Vladimir"]
[Black "ElDivis"]
[WhiteFideId "4101588"]
[WhiteElo "2968"]
[BlackElo "2527"]
[Result "1-0"]
[Round "5"]
[TimeControl "180+2"]
[Date "2023.07.04"]
[WhiteClock "0:00:28"]
[BlackClock "0:00:00"]
[Board "79"]

1. e4 c5 2. Nf3 d6 3. d4 cxd4 4. Nxd4 Nf6 5. Nc3 g6 6. Be2 Bg7 7. O-O O-O 8. Be3 Nc6 9. Qd2 d5 10. exd5 Nxd5 11. Nxc6 bxc6 12. Rfd1 Bb7 13. Bd4 e5 14. Bc5 Re8 15. Ne4 Nf4 16. Nd6 Qg5 17. Bf1 Ba6 18. Ne4 Nh3+ 19. Kh1 Qxd2 20. Rxd2 Bxf1 21. Rxf1 Nf4 22. Rfd1 Ne6 23. Ba3 f5 24. Nc5 Nd4 25. Na6 Rac8 26. c3 Nb5 27. Bc5 Nc7 28. Nxc7 Rxc7 29. Rd7 Rxd7 30. Rxd7 a5 31. g3 e4 32. Kg2 Bh6 33. b4 a4 34. Rc7 Rd8 35. Bd4 a3 36. Rxc6 Bc1 37. b5 f4 38. gxf4 Bxf4 39. b6 Kf7 40. b7 1-0


[Site "https://www.chess.com"]

[Event "Titled Tuesday Blitz July 4 Early 2023"]
[White "Kuzmin, Roman"]
[Black "Bharath Subramaniyam H"]
[WhiteFideId "44134932"]
[BlackFideId "46634827"]
[WhiteElo "2527"]
[BlackElo "2819"]
[Result "0-1"]
[Round "5"]
[TimeControl "180+2"]
[Date "2023.07.04"]
[WhiteClock "0:00:06"]
[BlackClock "0:00:58"]
[Board "80"]

1. e4 c5 2. Nf3 d6 3. d4 cxd4 4. Nxd4 Nf6 5. Nc3 a6 6. Be2 e5 7. Nb3 Be6 8. f4 Be7 9. f5 Bd7 10. Bg5 Bc6 11. Bf3 Nbd7 12. O-O b5 13. Re1 O-O 14. a3 Rc8 15. Qd3 h6 16. Bh4 Qb6+ 17. Bf2 Qc7 18. Rad1 Rfd8 19. g4 Nb6 20. Na5 Ba8 21. Qe3 Na4 22. Nxa4 bxa4 23. Qb6 Qxc2 24. Qxa6 Nxe4 25. Bb6 Ng5 26. Bxa8 Rxa8 27. Qe2 Qxe2 28. Rxe2 Rdc8 29. Kg2 Ra6 30. h4 Nh7 0-1


[Site "https://www.chess.com"]

[Event "Titled Tuesday Blitz July 4 Early 2023"]
[White "Bethke, Richard"]
[Black "Svane, Frederik"]
[WhiteFideId "12959243"]
[BlackFideId "12923044"]
[WhiteElo "2527"]
[BlackElo "2810"]
[Result "0-1"]
[Round "5"]
[TimeControl "180+2"]
[Date "2023.07.04"]
[WhiteClock "0:00:18"]
[BlackClock "0:00:39"]
[Board "81"]

1. e4 c5 2. Nf3 d6 3. d4 cxd4 4. Nxd4 Nf6 5. Nc3 a6 6. Be3 Nbd7 7. g4 h5 8. g5 Ng4 9. Qe2 Nxe3 10. Qxe3 g6 11. O-O-O Bg7 12. f4 e5 13. Nf3 exf4 14. Qxf4 Bxc3 15. bxc3 Qa5 16. Bc4 Rf8 17. Rd3 Nc5 18. Rxd6 Qxc3 19. Rhd1 Bg4 20. R6d5 Bxf3 21. Re5+ Ne6 22. Bxe6 Qa1+ 23. Kd2 Qxd1+ 24. Kc3 fxe6 0-1


[Site "https://www.chess.com"]